 Dungeon Crawl Stone Soup version 0.31-a0-142-g31f6795574 (webtiles) character file.

Game seed: 4076121250769645976

141 Esekla the Sneak (level 5, -2/36 HPs)
             Began as an Octopode Delver on June 4, 2023.
             Was an Initiate of Gozag.
             Slain by Eustachio
             ... wielding a +0 rapier
              (7 damage)
             ... on level 5 of the Dungeon.
             The game lasted 00:08:42 (735 turns).

Esekla the Sneak (Octopode Delver)                   Turns: 735, Time: 00:08:42

Health: -2/36      AC:  1    Str: 12    XL:     5   Next: 24%
Magic:  6/6        EV: 13    Int: 14    God:    Gozag
Gold:   12         SH:  0    Dex: 13    Spells: 6/6 levels left

rFire   . . .        a - +1 falchion
rCold   . . .        (no shield)
rNeg    . . .        (helmet restricted)
rPois   .            (no amulet)
rElec   .            (no ring)
rCorr   .            (no ring)
SInv    .            (no ring)
Will    .....        (no ring)
Stlth   +++++        (no ring)
HPRegen 0.26/turn    (no ring)
MPRegen 0.10/turn    (no ring)
                     (no ring)

%: no passive effects
@: no status effects
A: almost no armour, amphibious, 8 rings, camouflage 1, gelatinous body 1,
(nimble swimmer 1), tentacles
a: Renounce Religion, Potion Petition, Call Merchant, Bribe Branch


You were on level 5 of the Dungeon.
You worshipped Gozag.
Gozag was noncommittal.
You visited 1 branch of the dungeon, and saw 1 of its levels.

You collected 20 gold pieces.
You paid 8 gold pieces to Gozag.

Inventory:

Hand Weapons
 a - a +1 falchion (weapon)
Wands
 f - a wand of digging (3)
Scrolls
 b - a scroll of fog


   Skills:
 * Level 3.6 Fighting
 * Level 2.7 Long Blades
 * Level 2.6 Dodging
 + Level 7.9 Stealth
 * Level 1.2 Spellcasting


You had 6 spell levels left.
You didn't know any spells.
Your spell library was empty.

Dungeon Overview and Level Annotations

Branches:
Dungeon (5/15)
 Temple: D:4-7

Altars:
Gozag

Shops:
D:5 ?

Annotations:
D:5 Eustachio


Innate Abilities, Weirdness & Mutations

You cannot wear most types of armour.
You are amphibious.
You can wear up to eight rings at the same time.
Your skin changes colour to match your surroundings (Stealth+).
Your rubbery body absorbs attacks. (AC +1, EV +1)
((You are camouflaged when in or above water. (Stealth+)))
You have tentacles for arms and can constrict up to eight enemies at once.


Message History

The jelly hits you.
You are splashed with acid!
You hit the jelly.
Your tentacles burn!
The jelly is severely wounded.
The jelly closely misses you. The jelly barely misses you.
You hit the jelly.
You kill the jelly!
You have reached level 5!
You feel stronger.
You aren't carrying any potions.
The yak attacks as you move away! The yak gores you.
The yak bellows!
Okay, then.
You aren't carrying any potions.
Unknown command.
The yak attacks as you move away! The yak barely misses you.
The yak attacks as you move away! The yak barely misses you.
The yak attacks as you move away! The yak barely misses you.
The yak is distracted by your dazzling golden aura.
The yak is no longer distracted by gold.
The yak is distracted by your dazzling golden aura.
Eustachio the Magnificent comes into view.
He is wielding a +0 rapier.
Eustachio shouts!
Eustachio gestures wildly while chanting.
Eustachio blinks!
You closely miss Eustachio. Your grab misses Eustachio.
Eustachio mumbles some strange words.
You closely miss Eustachio. Your grab misses Eustachio.
Your squeeze misses Eustachio. Eustachio hits you with a +0 rapier!
You hit Eustachio. You grab Eustachio.
Eustachio is lightly wounded.
You constrict Eustachio, but do no damage.
The yak barely misses you. Eustachio hits you with a +0 rapier!
* * * LOW HITPOINT WARNING * * *
You aren't carrying any potions.
Unknown command.
You hit Eustachio. You squeeze Eustachio!
Eustachio is heavily wounded.
You constrict Eustachio. Eustachio hits you with a +0 rapier!
You die...
Your body crumbles into a pile of gold.

,,,,,,,*,*,,*,*,,*,*,,,******,*,*
,,,,,,,*,,**,,,**,,***,********,*
,,,,,,,*,,**,,,**,,*,,,,,,,,,,*,*
$,,,,,,*,*,,*,*,,*,***,******>*,*
+*,,,,,*©,,,,©,,,,,*,*,* *,,,,
,+,,,,,********#####,*,* ****,,
**,,,,,,* *,* #...#,*,* *,,,,,
*,,,,,,* *,* #Y#.#,*,* *,**,*
******** *,* #@#.#,*,*****,**,*
*,* #@#Y#,*,,,,,,,**,*
#####+###b#.#,**********,*
#.......rb#.#,*,,,,,,,,,,,
#.........#.#,**,*********
#.........#.#,**,*
#.........#.#,**,*
#........)#.#,**,*
##....#...#.#,**,*


You could see Eustachio, a yak, a quokka (summoned) and 2 bats.

Vanquished Creatures
  A scorpion (D:5)
  A hound (D:5)
  A jelly (D:5)
  2 adders (D:5)
  A white imp (D:5)
  An orc (D:5)
7 creatures vanquished.

Notes
Turn   | Place    | Note
-------+----------+-------------------------------------------
     0 | D:5      | Esekla the Octopode Delver began the quest for the Orb.
     0 | D:5      | Reached XP level 1. HP: 16/16 MP: 1/1
    50 | D:5      | Reached XP level 2. HP: 10/21 MP: 2/2
   135 | D:5      | Noticed an ogre
   146 | D:5      | Noticed a black bear
   161 | D:5      | Reached skill level 7 in Stealth
   213 | D:5      | Found Minopopp's Magic Scroll Emporium.
   237 | D:5      | Noticed a black bear
   314 | D:5      | Noticed a scorpion
   323 | D:5      | Killed a scorpion
   324 | D:5      | Reached skill level 1 in Spellcasting
   324 | D:5      | Reached XP level 3. HP: 22/26 MP: 2/4
   324 | D:5      | Reached XP level 4. HP: 26/31 MP: 2/5
   591 | D:5      | Noticed a yak
   594 | D:5      | Found an opulent altar of Gozag.
   594 | D:5      | Noticed a yak
   609 | D:5      | Became a worshipper of Gozag Ym Sagoz the Greedy
   691 | D:5      | Noticed a yak
   712 | D:5      | Reached XP level 5. HP: 18/36 MP: 6/6
   728 | D:5      | Noticed Eustachio
   735 | D:5      | Slain by Eustachio

Illustrated notes

Levels and vault maps discovered:
D:5:      layout_basic, grunt_temple_overflow_lords_of_destruction,
          grunt_gozag_breadcrumbs, serial_shops, shop_fountains,
          gammafunk_ghost_smash, uniq_eustachio, uniq_crazy_yiuf_cottage

Skill      XL: |  1  2 |
---------------+-------+-----
Stealth        | 7 |  7.9
Spellcasting   | 1 |  1.2
Fighting       | |  3.6
Long Blades    | |  2.7
Dodging        | |  2.6

Action                     |  1- 3 |  4- 6 || total
---------------------------+-------+-------++-------
  Melee: Falchion          |    14 |    21 ||    35
         Tentacles         |     3 |     6 ||     9
         Constrict         |     3 |     4 ||     7
    Use: Scroll            |     2 |     1 ||     3
         Potion            |       |     1 ||     1
   Stab: Sleeping          |     1 |       ||     1
 Armour: Skin              |     1 |       ||     1
  Dodge: Dodged            |    10 |    17 ||    27

Table legend: (Time is in decaauts)
 A = Elapsed time spent in this place.
 B = Non-inter-level travel time spent in this place.
 C = Inter-level travel time spent in this place.
 D = Time resting spent in this place.
 E = Time spent auto-exploring this place.
 F = Levels seen in this place.
 G = Mean time per level.
                   A        B        C        D        E       F      G
               +--------+--------+--------+--------+--------+-----+--------+
         Total |    721 |    710 |     11 |    191 |      0 |   1 |  721.0 |
       Dungeon |    721 |    710 |     11 |    191 |      0 |   1 |  721.0 |
               +--------+--------+--------+--------+--------+-----+--------+

Top non-repeatable levels by time:
     D:5: 721 daAuts
